WCHLSIM.com - West Coast Hockey League
html PUBLIC "-//W3C//DTD XHTML 1.0 Transitional//EN" "http://www.w3.org/TR/xhtml1/DTD/xhtml1-transitional.dtd"> WCHL - Game 584 - COLORADO GLACIERCATS vs SALEM BLACK JAYS

COLORADO GLACIERCATS vs SALEM BLACK JAYS

Created - 3 janvier 2024 at 23:15

Goals
1 2 3 T
COLORADO GLACIERCATS 1 1 1 3
SALEM BLACK JAYS 2 1 2 5
Shots
1 2 3 T
COLORADO GLACIERCATS 10 12 10 32
SALEM BLACK JAYS 8 5 13 26

1st period

1. SALEM BLACK JAYS , Dylan Cozens 17 (Maxime Comtois 2, Matt Benning 10) at 5:49
2. COLORADO GLACIERCATS , Tage Thompson 12 (Jamie Benn 17, Anze Kopitar 21) at 8:21
3. SALEM BLACK JAYS , Martin Necas 9 (Dylan Larkin 19, Mitchell Marner 24) at 13:19 (PP)

Penalties :
Cody Ceci (SAL) for Roughing (Minor) at 8:52, Kristopher Letang (COL) for Delaying the game (Minor) at 12:53

2nd period

4. SALEM BLACK JAYS , Mitchell Marner 21 (Joshua Morrissey 22) at 0:41
5. COLORADO GLACIERCATS , Jamie Benn 13 (Anze Kopitar 22, Tage Thompson 18) at 14:06

Penalties :
No Penalty

3rd period

6. COLORADO GLACIERCATS , Nino Niederreiter 3 (Alexander Wennberg 11, Bryan Rust 20) at 6:00
7. SALEM BLACK JAYS , Dylan Larkin 16 (Barrett Hayton 11, Martin Necas 18) at 12:44
8. SALEM BLACK JAYS , Joshua Morrissey 5 (Dylan Larkin 20) at 19:10 (Empty Net)

Penalties :
No Penalty

Goalie Stats

Andrei Vasilevskiy (COL), 21 saves from 25 shots - (0,840), L, 20-9-2, 59:51 minutes
Juuse Saros (SAL), 29 saves from 32 shots - (0,906), W, 22-9-2, 60:00 minutes

Players Stats for COLORADO GLACIERCATS

Player Name              G  A  P  +/- PIM S  H  SB GA TA FO     MP     PP MP  PK MP  
------------------------------------------------------------------------------------
Adam Ruzicka             0  0  0   0  0   0  0  0  0  0  3/5     3:10   0:00   0:00 
Alexander Wennberg       0  1  1   0  0   3  0  0  0  0  11/22  15:33   0:00   0:00 
Anze Kopitar             0  2  2   0  0   3  0  1  0  0  15/24  20:46   0:55   0:00 
Bryan Rust               0  1  1   0  0   6  0  0  0  0  0/1    16:37   1:04   0:00 
Cole Perfetti            0  0  0  -1  0   1  0  0  0  0  1/1    19:01   0:00   0:00 
Devon Toews              0  0  0  -1  0   2  0  1  0  0  0/0    22:10   0:55   0:00 
Dylan Samberg            0  0  0   0  0   0  1  0  0  0  0/0    16:11   0:00   0:00 
Jamie Benn               1  1  2   1  0   5  4  0  0  0  0/0    20:51   1:04   0:00 
Kristopher Letang        0  0  0  -1  2   1  1  1  0  0  0/0    23:02   0:55   0:00 
Leon Draisaitl           0  0  0  -2  0   3  1  0  0  0  1/1    23:10   0:55   0:00 
Mario Ferraro            0  0  0   0  0   0  1  2  0  0  0/0    16:11   0:00   0:00 
Matt Martin              0  0  0   0  0   0  0  0  0  0  0/0     0:00   0:00   0:00 
Nino Niederreiter        1  0  1   0  0   2  0  0  0  0  0/1    15:33   0:00   0:00 
Sam Lafferty             0  0  0   0  0   0  0  0  0  0  0/0     3:36   0:00   0:26 
Tage Thompson            1  1  2   0  0   4  0  0  0  0  4/4    20:55   1:04   0:00 
Tomas Hertl              0  0  0  -1  0   2  2  0  0  0  13/23  20:22   0:55   0:26 
Vince Dunn               0  0  0   0  0   0  0  2  0  0  0/0    21:39   1:04   0:26 
Vladislav Gavrikov       0  0  0   0  0   0  1  5  0  0  0/0    20:46   1:04   0:26 

Players Stats for SALEM BLACK JAYS

Player Name              G  A  P  +/- PIM S  H  SB GA TA FO     MP     PP MP  PK MP  
------------------------------------------------------------------------------------
Barrett Hayton           0  1  1  -1  0   1  2  0  0  0  0/1    18:39   0:00   0:39 
Cody Ceci                0  0  0   1  2   0  0  2  0  0  0/0    19:21   0:26   0:00 
Colin Miller             0  0  0   0  0   1  1  1  0  0  0/0    15:22   0:00   0:50 
Daniel Sprong            0  0  0   1  0   2  0  0  0  0  0/0    12:53   0:00   0:00 
Dylan Cozens             1  0  1   1  0   3  1  0  0  0  8/15   12:53   0:00   0:00 
Dylan Larkin             1  2  3   0  0   3  1  0  0  0  13/22  18:30   0:26   0:00 
Filip Chytil             0  0  0   0  0   1  0  0  0  0  5/9     6:14   0:00   0:00 
Josh Archibald           0  0  0   0  0   0  3  0  0  0  0/0     6:53   0:00   0:39 
Joshua Morrissey         1  1  2   0  0   2  3  0  0  0  0/0    25:16   0:00   1:09 
Martin Necas             1  1  2  -1  0   6  0  1  0  0  1/2    19:46   0:26   1:20 
Mathew Barzal            0  0  0   0  0   2  1  1  0  0  7/26   20:24   0:00   0:00 
Matt Benning             0  1  1   0  0   1  1  0  0  0  0/0    14:32   0:00   0:00 
Maxime Comtois           0  1  1   1  0   0  0  0  0  0  0/3    12:53   0:00   0:00 
Mikko Rantanen           0  0  0   1  0   1  2  0  0  0  0/1    20:28   0:00   0:00 
Mitchell Marner          1  1  2   1  0   3  0  0  0  0  0/1    20:54   0:26   0:00 
Nick Jensen              0  0  0   0  0   0  1  1  0  0  0/0    25:16   0:00   1:09 
Scott Mayfield           0  0  0   1  0   0  0  1  0  0  0/0    20:12   0:26   0:50 
Theodor Blueger          0  0  0   0  0   0  0  0  0  0  0/2     7:34   0:00   1:20 

3 Stars

1 - Dylan Larkin (SAL)
2 - Joshua Morrissey (SAL)
3 - Jamie Benn (COL)

Power Play

COLORADO GLACIERCATS - 0 on 1 Attempt(s) - 0,00%
SALEM BLACK JAYS - 1 on 1 Attempt(s) - 100,00%

Penalty Kill

COLORADO GLACIERCATS - 0 on 1 Attempt(s) - 0,00% - Score 0 goal in Penalty Kill
SALEM BLACK JAYS - 1 on 1 Attempt(s) - 100,00% - Score 0 goal in Penalty Kill

Team Stat

COLORADO GLACIERCATS - Hits : 11 - Faceoff Wins : 48 - Blocked Shots : 12 - Penalty Minutes : 2
SALEM BLACK JAYS - Hits : 16 - Faceoff Wins : 34 - Blocked Shots : 7 - Penalty Minutes : 2

Official

Referees : Kevin Pollock and Kelly Sutherland
Linesman : Derek Nansen and Jaime Alary

Game Notes

Joshua Morrissey has scored in a empty net!

Finance

Level 1 -- Attendance: 6000 (100,00%) -- Ticket Income 918 000 $
Level 2 -- Attendance: 5000 (100,00%) -- Ticket Income 535 000 $
Level 3 -- Attendance: 2000 (100,00%) -- Ticket Income 162 000 $
Level 4 -- Attendance: 4000 (100,00%) -- Ticket Income 232 000 $
Luxury Box -- Attendance: 1000 (100,00%) -- Ticket Income 278 000 $
Game was played at the Demon Arena.
Total Attendance: 18000 (100,00%)
Total Ticket Income: 2 125 000 $
Other Expense: 21 250 $
Total Income: 2 103 750 $

COLORADO GLACIERCATS

5 vs 5 Forward 
   Center                   Left Wing                Right Wing               Time % Phy DF OF 
 1 Tomas Hertl              Cole Perfetti            Leon Draisaitl           35     0   1  4  
 2 Anze Kopitar             Jamie Benn               Tage Thompson            35     0   1  4  
 3 Alexander Wennberg       Bryan Rust               Nino Niederreiter        26     0   3  2  
 4 Adam Ruzicka             Sam Lafferty             Leon Draisaitl           4      0   2  3  

5 vs 5 Defense 
   Defense                  Defense                                           Time % Phy DF OF 
 1 Kristopher Letang        Devon Toews                                       40     0   3  2  
 2 Vladislav Gavrikov       Vince Dunn                                        36     0   3  2  
 3 Mario Ferraro            Dylan Samberg                                     20     0   4  1  
 4 Kristopher Letang        Vince Dunn                                        4      0   1  4  

PowerPlay Forward 
   Center                   Left Wing                Right Wing               Time % Phy DF OF 
 1 Anze Kopitar             Tomas Hertl              Leon Draisaitl           50     0   0  5  
 2 Tage Thompson            Jamie Benn               Bryan Rust               50     1   0  4  

PowerPlay Defense
   Defense                  Defense                                           Time % Phy DF OF 
 1 Kristopher Letang        Devon Toews                                       55     0   0  5  
 2 Vince Dunn               Vladislav Gavrikov                                45     0   0  5  

Penalty Kill 4 Players Forward 
   Center                   Wing                     Time % Phy DF OF 
 1 Alexander Wennberg       Bryan Rust               50     0   5  0  
 2 Tomas Hertl              Sam Lafferty             50     0   5  0  

Penalty Kill 4 Players Defense
   Defense                  Defense                  Time % Phy DF OF 
 1 Vladislav Gavrikov       Kristopher Letang        50     0   5  0  
 2 Devon Toews              Mario Ferraro            50     0   5  0  

Penalty Kill - 3 Players Forward 
   Forward                                           Time % Phy DF OF 
 1 Tomas Hertl                                       50     0   5  0  
 2 Alexander Wennberg                                50     0   5  0  

Penalty Kill - 3 Players Defense
   Defense                  Defense                  Time % Phy DF OF 
 1 Vladislav Gavrikov       Kristopher Letang        50     0   5  0  
 2 Devon Toews              Mario Ferraro            50     0   5  0  

4 vs 4 Forward 
   Center                   Wing                     Time % Phy DF OF 
 1 Anze Kopitar             Tage Thompson            50     0   1  4  
 2 Leon Draisaitl           Tomas Hertl              50     0   1  4  

4 vs 4 Defense
   Defense                  Defense                  Time % Phy DF OF 
 1 Kristopher Letang        Vladislav Gavrikov       45     0   3  2  
 2 Devon Toews              Vince Dunn               55     0   3  2  

Last Minutes Offensive
   Center                   Left Wing                Right Wing               Defense                  Defense                  
   Anze Kopitar             Tage Thompson            Leon Draisaitl           Kristopher Letang        Devon Toews              

Last Minutes Defensive
   Center                   Left Wing                Right Wing               Defense                  Defense                  
   Alexander Wennberg       Tomas Hertl              Leon Draisaitl           Devon Toews              Vladislav Gavrikov       

Goaltenders
Starting : Andrei Vasilevskiy       
Backup : Pheonix Copley           

Extra Forwards
Normal : Leon Draisaitl, Anze Kopitar, Tomas Hertl - PP : Cole Perfetti, Alexander Wennberg - PK : Jamie Benn
Extra Defensemen
Normal : Vince Dunn, Mario Ferraro, Dylan Samberg - PP : Vince Dunn - PK : Vince Dunn, Vladislav Gavrikov
Penalty Shots
Tage Thompson, Leon Draisaitl, Anze Kopitar, Tomas Hertl, Jamie Benn
Custom OT Lines Forwards
Leon Draisaitl, Anze Kopitar, Tomas Hertl, Tage Thompson, Jamie Benn, Bryan Rust, Alexander Wennberg, Cole Perfetti, Nino Niederreiter, Sam Lafferty
Custom OT Lines Defensemen
Devon Toews, Kristopher Letang, Vince Dunn, Vladislav Gavrikov, Mario Ferraro

Scratches
None

SALEM BLACK JAYS

5 vs 5 Forward 
   Center                   Left Wing                Right Wing               Time % Phy DF OF 
 1 Mathew Barzal            Mikko Rantanen           Mitchell Marner          36     1   2  2  
 2 Dylan Larkin             Barrett Hayton           Martin Necas             31     1   2  2  
 3 Dylan Cozens             Maxime Comtois           Daniel Sprong            23     1   2  2  
 4 Filip Chytil             Josh Archibald           Theodor Blueger          10     1   2  2  

5 vs 5 Defense 
   Defense                  Defense                                           Time % Phy DF OF 
 1 Joshua Morrissey         Nick Jensen                                       36     1   2  2  
 2 Scott Mayfield           Cody Ceci                                         31     1   2  2  
 3 Matt Benning             Colin Miller                                      23     1   2  2  
 4 Joshua Morrissey         Nick Jensen                                       10     1   2  2  

PowerPlay Forward 
   Center                   Left Wing                Right Wing               Time % Phy DF OF 
 1 Dylan Larkin             Martin Necas             Mitchell Marner          55     1   2  2  
 2 Dylan Cozens             Barrett Hayton           Mathew Barzal            45     1   2  2  

PowerPlay Defense
   Defense                  Defense                                           Time % Phy DF OF 
 1 Joshua Morrissey         Nick Jensen                                       55     1   2  2  
 2 Scott Mayfield           Cody Ceci                                         45     1   2  2  

Penalty Kill 4 Players Forward 
   Center                   Wing                     Time % Phy DF OF 
 1 Theodor Blueger          Martin Necas             55     1   2  2  
 2 Barrett Hayton           Josh Archibald           45     1   2  2  

Penalty Kill 4 Players Defense
   Defense                  Defense                  Time % Phy DF OF 
 1 Joshua Morrissey         Nick Jensen              55     1   2  2  
 2 Scott Mayfield           Cody Ceci                45     1   2  2  

Penalty Kill - 3 Players Forward 
   Forward                                           Time % Phy DF OF 
 1 Theodor Blueger                                   55     1   2  2  
 2 Martin Necas                                      45     1   2  2  

Penalty Kill - 3 Players Defense
   Defense                  Defense                  Time % Phy DF OF 
 1 Joshua Morrissey         Nick Jensen              55     1   2  2  
 2 Scott Mayfield           Cody Ceci                45     1   2  2  

4 vs 4 Forward 
   Center                   Wing                     Time % Phy DF OF 
 1 Mathew Barzal            Mitchell Marner          55     1   2  2  
 2 Dylan Larkin             Martin Necas             45     1   2  2  

4 vs 4 Defense
   Defense                  Defense                  Time % Phy DF OF 
 1 Joshua Morrissey         Nick Jensen              55     1   2  2  
 2 Scott Mayfield           Cody Ceci                45     1   2  2  

Last Minutes Offensive
   Center                   Left Wing                Right Wing               Defense                  Defense                  
   Dylan Larkin             Mikko Rantanen           Mitchell Marner          Joshua Morrissey         Nick Jensen              

Last Minutes Defensive
   Center                   Left Wing                Right Wing               Defense                  Defense                  
   Dylan Larkin             Mikko Rantanen           Mitchell Marner          Joshua Morrissey         Nick Jensen              

Goaltenders
Starting : Juuse Saros              
Backup : Anthony Stolarz          

Extra Forwards
Normal : Filip Chytil, Theodor Blueger, Mathew Barzal - PP : Filip Chytil, Theodor Blueger - PK : Mathew Barzal
Extra Defensemen
Normal : Matt Benning, Colin Miller, Scott Mayfield - PP : Matt Benning - PK : Colin Miller, Scott Mayfield
Penalty Shots
Barrett Hayton, Mitchell Marner, Dylan Larkin, Martin Necas, Mathew Barzal
Custom OT Lines Forwards
Mikko Rantanen, Mitchell Marner, Dylan Larkin, Martin Necas, Mathew Barzal, Dylan Cozens, Barrett Hayton, Filip Chytil, Daniel Sprong, Theodor Blueger
Custom OT Lines Defensemen
Joshua Morrissey, Nick Jensen, Scott Mayfield, Cody Ceci, Matt Benning

Scratches
Josh Brown (Healthy), Marcus Bjork (Healthy)

% Time on Ice - COLORADO GLACIERCATS

Lines # - Real PCT - Wanted PCT - Time Play
Normal Forward
1 - 33% - 35% - 19:01
2 - 34% - 35% - 19:47
3 - 27% - 26% - 15:33
4 - 6% - 4% - 3:10
Normal Defense
1 - 37% - 40% - 21:11
2 - 33% - 36% - 19:16
3 - 28% - 20% - 16:11
4 - 2% - 4% - 0:53
PP Forward
1 - 46% - 50% - 0:55
2 - 54% - 50% - 1:04
PP Defense
1 - 46% - 55% - 0:55
2 - 54% - 45% - 1:04
PK Forward
1 - 0% - 50% - 0:00
2 - 100% - 50% - 0:26
PK Defense
1 - 100% - 50% - 0:26
2 - 0% - 50% - 0:00
PK3 Forward
1 - 0% - 50%
2 - 0% - 50%
PK3 Defense
1 - 0% - 50%
2 - 0% - 50%
44 Forward
1 - 0% - 50%
2 - 0% - 50%
44 Defense
1 - 0% - 45%
2 - 0% - 55%
Last Minute Offensive  - 0:04
Last Minute Defensive  - 0:00
Total
Forward - 60:00
Defense - 60:00

% Time on Ice - SALEM BLACK JAYS

Lines # - Real PCT - Wanted PCT - Time Play
Normal Forward
1 - 35% - 36% - 20:24
2 - 31% - 31% - 18:00
3 - 22% - 23% - 12:53
4 - 11% - 10% - 6:14
Normal Defense
1 - 34% - 36% - 19:17
2 - 33% - 31% - 18:56
3 - 25% - 23% - 14:32
4 - 8% - 10% - 4:46
PP Forward
1 - 100% - 55% - 0:26
2 - 0% - 45% - 0:00
PP Defense
1 - 0% - 55% - 0:00
2 - 100% - 45% - 0:26
PK Forward
1 - 67% - 55% - 1:20
2 - 33% - 45% - 0:39
PK Defense
1 - 58% - 55% - 1:09
2 - 42% - 45% - 0:50
PK3 Forward
1 - 0% - 55%
2 - 0% - 45%
PK3 Defense
1 - 0% - 55%
2 - 0% - 45%
44 Forward
1 - 0% - 55%
2 - 0% - 45%
44 Defense
1 - 0% - 55%
2 - 0% - 45%
Last Minute Offensive  - 0:00
Last Minute Defensive  - 0:04
Total
Forward - 60:00
Defense - 60:00

Play-by-Play

1st period


0:01 of 1st period - Tomas Hertl wins face-off versus Mathew Barzal in neutral zone.
0:04 of 1st period - Nick Jensen is hit by Tomas Hertl and loses puck.
0:13 of 1st period - Devon Toews is hit by Mathew Barzal and loses puck.
0:58 of 1st period - Icing by Devon Toews.
0:59 of 1st period - Dylan Cozens wins face-off versus Tomas Hertl in COLORADO GLACIERCATS zone.
1:32 of 1st period - Shot by Daniel Sprong.
1:32 of 1st period - Shot Misses the Net.
1:34 of 1st period - Shot by Matt Benning.
1:34 of 1st period - Shot Blocked by Kristopher Letang.
1:40 of 1st period - Shot by Maxime Comtois.
1:40 of 1st period - Shot Misses the Net.
2:23 of 1st period - Shot by Martin Necas.
2:23 of 1st period - Deflect By Dylan Larkin.
2:23 of 1st period - Stopped by Andrei Vasilevskiy without a rebound.
2:24 of 1st period - Anze Kopitar wins face-off versus Filip Chytil in COLORADO GLACIERCATS zone.
2:24 of 1st period - Anze Kopitar is hit by Josh Archibald.
2:47 of 1st period - Shot by Filip Chytil.
2:47 of 1st period - Shot Blocked by Vladislav Gavrikov.
2:56 of 1st period - Vince Dunn is hit by Joshua Morrissey and loses puck.
3:01 of 1st period - Shot by Anze Kopitar.
3:01 of 1st period - Stopped by Juuse Saros without a rebound.
3:02 of 1st period - Dylan Larkin wins face-off versus Nino Niederreiter in SALEM BLACK JAYS zone.
3:18 of 1st period - Shot by Bryan Rust.
3:18 of 1st period - Stopped by Juuse Saros without a rebound.
3:19 of 1st period - Alexander Wennberg wins face-off versus Mathew Barzal in SALEM BLACK JAYS zone.
3:19 of 1st period - Alexander Wennberg is hit by Colin Miller.
3:23 of 1st period - Shot by Bryan Rust.
3:23 of 1st period - Stopped by Juuse Saros with a rebound.
3:25 of 1st period - Shot by Alexander Wennberg.
3:25 of 1st period - Stopped by Juuse Saros without a rebound.
3:26 of 1st period - Anze Kopitar wins face-off versus Mathew Barzal in SALEM BLACK JAYS zone.
3:32 of 1st period - Icing by Joshua Morrissey.
3:33 of 1st period - Alexander Wennberg wins face-off versus Mathew Barzal in SALEM BLACK JAYS zone.
3:33 of 1st period - Nino Niederreiter is hit by Joshua Morrissey and loses puck.
4:14 of 1st period - Icing by Vladislav Gavrikov.
4:15 of 1st period - Dylan Larkin wins face-off versus Alexander Wennberg in COLORADO GLACIERCATS zone.
4:18 of 1st period - Shot by Barrett Hayton.
4:18 of 1st period - Deflect By Dylan Larkin.
4:18 of 1st period - Stopped by Andrei Vasilevskiy without a rebound.
4:19 of 1st period - Tage Thompson wins face-off versus Dylan Larkin in COLORADO GLACIERCATS zone.
4:36 of 1st period - Shot by Dylan Larkin.
4:36 of 1st period - Shot Blocked by Mario Ferraro.
4:38 of 1st period - Shot by Cody Ceci.
4:38 of 1st period - Shot Misses the Net.
4:56 of 1st period - Shot by Martin Necas.
4:56 of 1st period - Shot Blocked by Anze Kopitar.
4:58 of 1st period - Shot by Barrett Hayton.
4:58 of 1st period - Shot Misses the Net.
5:49 of 1st period - Shot by Dylan Cozens.
5:49 of 1st period - Goal by Dylan Cozens - COLORADO GLACIERCATS : 0 - SALEM BLACK JAYS : 1.
5:50 of 1st period - Alexander Wennberg wins face-off versus Mitchell Marner in neutral zone.
6:06 of 1st period - Off-side.
6:07 of 1st period - Filip Chytil wins face-off versus Adam Ruzicka in neutral zone.
6:28 of 1st period - Shot by Filip Chytil.
6:28 of 1st period - Stopped by Andrei Vasilevskiy with a rebound.
6:30 of 1st period - Shot by Josh Archibald.
6:30 of 1st period - Shot Misses the Net.
6:32 of 1st period - Shot by Filip Chytil.
6:32 of 1st period - Deflect By Josh Archibald.
6:32 of 1st period - Shot Misses the Net.
7:02 of 1st period - Shot by Mathew Barzal.
7:02 of 1st period - Stopped by Andrei Vasilevskiy with a rebound.
7:10 of 1st period - Shot by Mikko Rantanen.
7:10 of 1st period - Stopped by Andrei Vasilevskiy without a rebound.
7:11 of 1st period - Martin Necas wins face-off versus Alexander Wennberg in COLORADO GLACIERCATS zone.
7:41 of 1st period - Shot by Dylan Larkin.
7:41 of 1st period - Shot Blocked by Vladislav Gavrikov.
8:21 of 1st period - Shot by Tage Thompson.
8:21 of 1st period - Goal by Tage Thompson - COLORADO GLACIERCATS : 1 - SALEM BLACK JAYS : 1.
8:22 of 1st period - Tomas Hertl wins face-off versus Mathew Barzal in neutral zone.
8:35 of 1st period - Icing by Tomas Hertl.
8:36 of 1st period - Tomas Hertl wins face-off versus Dylan Cozens in COLORADO GLACIERCATS zone.
8:45 of 1st period - Shot by Tomas Hertl.
8:45 of 1st period - Deflect By Leon Draisaitl.
8:45 of 1st period - Shot Misses the Net.
8:52 of 1st period - Minor Penalty to Cody Ceci for Roughing.
8:53 of 1st period - Tage Thompson wins face-off versus Theodor Blueger in SALEM BLACK JAYS zone.
9:02 of 1st period - Shot by Tage Thompson.
9:02 of 1st period - Stopped by Juuse Saros without a rebound.
9:03 of 1st period - Anze Kopitar wins face-off versus Theodor Blueger in SALEM BLACK JAYS zone.
9:32 of 1st period - Shot by Devon Toews.
9:32 of 1st period - Deflect By Leon Draisaitl.
9:32 of 1st period - Shot Misses the Net.
9:34 of 1st period - Shot by Devon Toews.
9:34 of 1st period - Stopped by Juuse Saros without a rebound.
9:35 of 1st period - Tage Thompson wins face-off versus Barrett Hayton in SALEM BLACK JAYS zone.
9:45 of 1st period - Barrett Hayton is hit by Vladislav Gavrikov and loses puck.
10:44 of 1st period - Shot by Anze Kopitar.
10:44 of 1st period - Shot Blocked by Colin Miller.
10:51 of 1st period - Icing by Kristopher Letang.
10:52 of 1st period - Adam Ruzicka wins face-off versus Mathew Barzal in COLORADO GLACIERCATS zone.
11:11 of 1st period - Icing by Mario Ferraro.
11:12 of 1st period - Adam Ruzicka wins face-off versus Maxime Comtois in COLORADO GLACIERCATS zone.
11:12 of 1st period - Adam Ruzicka is hit by Dylan Cozens.
11:28 of 1st period - Shot by Leon Draisaitl.
11:28 of 1st period - Shot Blocked by Cody Ceci.
11:57 of 1st period - Scott Mayfield is hit by Jamie Benn and loses puck.
12:02 of 1st period - Shot by Jamie Benn.
12:02 of 1st period - Stopped by Juuse Saros without a rebound.
12:03 of 1st period - Alexander Wennberg wins face-off versus Mathew Barzal in SALEM BLACK JAYS zone.
12:53 of 1st period - Minor Penalty to Kristopher Letang for Delaying the game.
12:54 of 1st period - Dylan Larkin wins face-off versus Tomas Hertl in COLORADO GLACIERCATS zone.
13:13 of 1st period - Shot by Mitchell Marner.
13:13 of 1st period - Shot Misses the Net.
13:15 of 1st period - Shot by Martin Necas.
13:15 of 1st period - Shot Misses the Net.
13:17 of 1st period - Shot by Dylan Larkin.
13:17 of 1st period - Shot Blocked by Vladislav Gavrikov.
13:19 of 1st period - Shot by Dylan Larkin.
13:19 of 1st period - Deflect By Martin Necas.
13:19 of 1st period - Goal by Martin Necas - COLORADO GLACIERCATS : 1 - SALEM BLACK JAYS : 2.
13:20 of 1st period - Dylan Cozens wins face-off versus Anze Kopitar in neutral zone.
13:37 of 1st period - Dylan Cozens is hit by Jamie Benn and loses puck.
14:02 of 1st period - Shot by Tage Thompson.
14:02 of 1st period - Stopped by Juuse Saros with a rebound.
15:46 of 1st period - Icing by Matt Benning.
15:47 of 1st period - Anze Kopitar wins face-off versus Dylan Cozens in SALEM BLACK JAYS zone.
15:56 of 1st period - Shot by Tage Thompson.
15:56 of 1st period - Shot Misses the Net.
16:42 of 1st period - Tomas Hertl is hit by Mikko Rantanen.
16:43 of 1st period - Icing by Tomas Hertl.
16:44 of 1st period - Dylan Larkin wins face-off versus Tomas Hertl in COLORADO GLACIERCATS zone.
16:47 of 1st period - Shot by Barrett Hayton.
16:47 of 1st period - Shot Blocked by Vladislav Gavrikov.
17:04 of 1st period - Shot by Barrett Hayton.
17:04 of 1st period - Stopped by Andrei Vasilevskiy without a rebound.
17:05 of 1st period - Filip Chytil wins face-off versus Alexander Wennberg in COLORADO GLACIERCATS zone.
17:21 of 1st period - Alexander Wennberg is hit by Josh Archibald and loses puck.
17:40 of 1st period - Shot by Alexander Wennberg.
17:40 of 1st period - Shot Misses the Net.
17:56 of 1st period - Devon Toews is hit by Josh Archibald and loses puck.
18:18 of 1st period - Icing by Joshua Morrissey.
18:19 of 1st period - Tomas Hertl wins face-off versus Filip Chytil in SALEM BLACK JAYS zone.
18:53 of 1st period - Shot by Leon Draisaitl.
18:53 of 1st period - Stopped by Juuse Saros without a rebound.
18:54 of 1st period - Anze Kopitar wins face-off versus Mathew Barzal in SALEM BLACK JAYS zone.
19:13 of 1st period - Shot by Anze Kopitar.
19:13 of 1st period - Shot Misses the Net.
19:23 of 1st period - Shot by Mitchell Marner.
19:23 of 1st period - Shot Misses the Net.
19:28 of 1st period - Icing by Mario Ferraro.
19:29 of 1st period - Anze Kopitar wins face-off versus Dylan Larkin in COLORADO GLACIERCATS zone.
19:29 of 1st period - Anze Kopitar is hit by Dylan Larkin.
Goals for this period are 1 for COLORADO GLACIERCATS vs 2 for SALEM BLACK JAYS.
Shots for this period are 10 for COLORADO GLACIERCATS vs 8 for SALEM BLACK JAYS.

2nd period


0:01 of 2nd period - Tomas Hertl wins face-off versus Mathew Barzal in neutral zone.
0:26 of 2nd period - Shot by Leon Draisaitl.
0:26 of 2nd period - Shot Misses the Net.
0:37 of 2nd period - Shot by Mitchell Marner.
0:37 of 2nd period - Shot Blocked by Vince Dunn.
0:39 of 2nd period - Shot by Joshua Morrissey.
0:39 of 2nd period - Shot Misses the Net.
0:41 of 2nd period - Shot by Mitchell Marner.
0:41 of 2nd period - Goal by Mitchell Marner - COLORADO GLACIERCATS : 1 - SALEM BLACK JAYS : 3.
0:42 of 2nd period - Dylan Larkin wins face-off versus Anze Kopitar in neutral zone.
1:14 of 2nd period - Dylan Larkin is hit by Kristopher Letang and loses puck.
1:21 of 2nd period - Dylan Larkin is hit by Jamie Benn and loses puck.
2:33 of 2nd period - Shot by Mikko Rantanen.
2:33 of 2nd period - Shot Misses the Net.
2:51 of 2nd period - Joshua Morrissey is hit by Tomas Hertl and loses puck.
3:08 of 2nd period - Shot by Tomas Hertl.
3:08 of 2nd period - Stopped by Juuse Saros without a rebound.
3:09 of 2nd period - Anze Kopitar wins face-off versus Maxime Comtois in SALEM BLACK JAYS zone.
3:43 of 2nd period - Shot by Jamie Benn.
3:43 of 2nd period - Stopped by Juuse Saros without a rebound.
3:44 of 2nd period - Dylan Larkin wins face-off versus Alexander Wennberg in SALEM BLACK JAYS zone.
4:11 of 2nd period - Shot by Dylan Larkin.
4:11 of 2nd period - Shot Misses the Net.
4:27 of 2nd period - Shot by Martin Necas.
4:27 of 2nd period - Shot Blocked by Vince Dunn.
4:29 of 2nd period - Shot by Martin Necas.
4:29 of 2nd period - Stopped by Andrei Vasilevskiy without a rebound.
4:30 of 2nd period - Filip Chytil wins face-off versus Tomas Hertl in COLORADO GLACIERCATS zone.
5:10 of 2nd period - Icing by Kristopher Letang.
5:11 of 2nd period - Mathew Barzal wins face-off versus Tomas Hertl in COLORADO GLACIERCATS zone.
5:21 of 2nd period - Tomas Hertl is hit by Nick Jensen and loses puck.
6:00 of 2nd period - Shot by Mathew Barzal.
6:00 of 2nd period - Stopped by Andrei Vasilevskiy without a rebound.
6:01 of 2nd period - Alexander Wennberg wins face-off versus Dylan Larkin in COLORADO GLACIERCATS zone.
6:18 of 2nd period - Shot by Bryan Rust.
6:18 of 2nd period - Stopped by Juuse Saros with a rebound.
6:41 of 2nd period - Icing by Mario Ferraro.
6:42 of 2nd period - Dylan Cozens wins face-off versus Alexander Wennberg in COLORADO GLACIERCATS zone.
7:30 of 2nd period - Shot by Anze Kopitar.
7:30 of 2nd period - Stopped by Juuse Saros without a rebound.
7:31 of 2nd period - Cole Perfetti wins face-off versus Mathew Barzal in SALEM BLACK JAYS zone.
8:08 of 2nd period - Shot by Tomas Hertl.
8:08 of 2nd period - Stopped by Juuse Saros without a rebound.
8:09 of 2nd period - Dylan Larkin wins face-off versus Anze Kopitar in SALEM BLACK JAYS zone.
8:37 of 2nd period - Shot by Jamie Benn.
8:37 of 2nd period - Stopped by Juuse Saros with a rebound.
8:56 of 2nd period - Icing by Cody Ceci.
8:57 of 2nd period - Tomas Hertl wins face-off versus Dylan Larkin in SALEM BLACK JAYS zone.
10:24 of 2nd period - Shot by Nino Niederreiter.
10:24 of 2nd period - Deflect By Bryan Rust.
10:24 of 2nd period - Shot Blocked by Cody Ceci.
10:26 of 2nd period - Shot by Alexander Wennberg.
10:26 of 2nd period - Stopped by Juuse Saros without a rebound.
10:27 of 2nd period - Anze Kopitar wins face-off versus Mathew Barzal in SALEM BLACK JAYS zone.
10:48 of 2nd period - Shot by Mitchell Marner.
10:48 of 2nd period - Shot Misses the Net.
12:27 of 2nd period - Shot by Joshua Morrissey.
12:27 of 2nd period - Shot Misses the Net.
13:36 of 2nd period - Off-side.
13:37 of 2nd period - Anze Kopitar wins face-off versus Dylan Larkin in neutral zone.
13:57 of 2nd period - Jamie Benn is hit by Joshua Morrissey and loses puck.
14:04 of 2nd period - Shot by Jamie Benn.
14:04 of 2nd period - Shot Blocked by Nick Jensen.
14:06 of 2nd period - Shot by Anze Kopitar.
14:06 of 2nd period - Deflect By Jamie Benn.
14:06 of 2nd period - Goal by Jamie Benn - COLORADO GLACIERCATS : 2 - SALEM BLACK JAYS : 3.
14:07 of 2nd period - Adam Ruzicka wins face-off versus Mathew Barzal in neutral zone.
14:28 of 2nd period - Shot by Leon Draisaitl.
14:28 of 2nd period - Stopped by Juuse Saros without a rebound.
14:29 of 2nd period - Anze Kopitar wins face-off versus Dylan Cozens in SALEM BLACK JAYS zone.
14:44 of 2nd period - Shot by Dylan Cozens.
14:44 of 2nd period - Stopped by Andrei Vasilevskiy without a rebound.
14:45 of 2nd period - Mathew Barzal wins face-off versus Alexander Wennberg in COLORADO GLACIERCATS zone.
14:46 of 2nd period - Shot by Mitchell Marner.
14:46 of 2nd period - Shot Misses the Net.
15:51 of 2nd period - Shot by Leon Draisaitl.
15:51 of 2nd period - Shot Blocked by Mathew Barzal.
15:54 of 2nd period - Icing by Joshua Morrissey.
15:55 of 2nd period - Anze Kopitar wins face-off versus Mathew Barzal in SALEM BLACK JAYS zone.
17:02 of 2nd period - Icing by Leon Draisaitl.
17:03 of 2nd period - Tomas Hertl wins face-off versus Dylan Larkin in COLORADO GLACIERCATS zone.
17:09 of 2nd period - Tomas Hertl is hit by Barrett Hayton and loses puck.
17:24 of 2nd period - Shot by Cole Perfetti.
17:24 of 2nd period - Stopped by Juuse Saros without a rebound.
17:25 of 2nd period - Alexander Wennberg wins face-off versus Dylan Cozens in SALEM BLACK JAYS zone.
17:27 of 2nd period - Bryan Rust is hit by Matt Benning and loses puck.
17:34 of 2nd period - Shot by Bryan Rust.
17:34 of 2nd period - Stopped by Juuse Saros without a rebound.
17:35 of 2nd period - Anze Kopitar wins face-off versus Dylan Larkin in SALEM BLACK JAYS zone.
17:46 of 2nd period - Shot by Martin Necas.
17:46 of 2nd period - Stopped by Andrei Vasilevskiy without a rebound.
17:47 of 2nd period - Tomas Hertl wins face-off versus Dylan Cozens in COLORADO GLACIERCATS zone.
18:03 of 2nd period - Shot by Daniel Sprong.
18:03 of 2nd period - Shot Misses the Net.
18:36 of 2nd period - Icing by Leon Draisaitl.
18:37 of 2nd period - Tomas Hertl wins face-off versus Dylan Larkin in COLORADO GLACIERCATS zone.
18:49 of 2nd period - Shot by Dylan Larkin.
18:49 of 2nd period - Shot Misses the Net.
19:19 of 2nd period - Shot by Anze Kopitar.
19:19 of 2nd period - Shot Blocked by Martin Necas.
19:21 of 2nd period - Shot by Anze Kopitar.
19:21 of 2nd period - Shot Misses the Net.
19:23 of 2nd period - Shot by Devon Toews.
19:23 of 2nd period - Stopped by Juuse Saros without a rebound.
19:24 of 2nd period - Mathew Barzal wins face-off versus Alexander Wennberg in SALEM BLACK JAYS zone.
19:51 of 2nd period - Shot by Mathew Barzal.
19:51 of 2nd period - Shot Blocked by Mario Ferraro.
Goals for this period are 1 for COLORADO GLACIERCATS vs 1 for SALEM BLACK JAYS.
Shots for this period are 12 for COLORADO GLACIERCATS vs 5 for SALEM BLACK JAYS.

3rd period


0:01 of 3rd period - Anze Kopitar wins face-off versus Dylan Larkin in neutral zone.
0:22 of 3rd period - Shot by Martin Necas.
0:22 of 3rd period - Stopped by Andrei Vasilevskiy without a rebound.
0:23 of 3rd period - Tomas Hertl wins face-off versus Mathew Barzal in COLORADO GLACIERCATS zone.
1:20 of 3rd period - Leon Draisaitl is hit by Barrett Hayton and loses puck.
1:59 of 3rd period - Shot by Joshua Morrissey.
1:59 of 3rd period - Stopped by Andrei Vasilevskiy without a rebound.
2:00 of 3rd period - Dylan Cozens wins face-off versus Alexander Wennberg in COLORADO GLACIERCATS zone.
2:00 of 3rd period - Dylan Cozens is hit by Mario Ferraro.
2:03 of 3rd period - Daniel Sprong is hit by Dylan Samberg and loses puck.
2:06 of 3rd period - Shot by Colin Miller.
2:06 of 3rd period - Shot Misses the Net.
2:08 of 3rd period - Shot by Matt Benning.
2:08 of 3rd period - Stopped by Andrei Vasilevskiy without a rebound.
2:09 of 3rd period - Filip Chytil wins face-off versus Anze Kopitar in COLORADO GLACIERCATS zone.
3:40 of 3rd period - Shot by Alexander Wennberg.
3:40 of 3rd period - Stopped by Juuse Saros with a rebound.
4:02 of 3rd period - Shot by Martin Necas.
4:02 of 3rd period - Stopped by Andrei Vasilevskiy without a rebound.
4:03 of 3rd period - Dylan Cozens wins face-off versus Tomas Hertl in COLORADO GLACIERCATS zone.
4:23 of 3rd period - Icing by Cody Ceci.
4:24 of 3rd period - Dylan Cozens wins face-off versus Anze Kopitar in SALEM BLACK JAYS zone.
5:54 of 3rd period - Shot by Leon Draisaitl.
5:54 of 3rd period - Stopped by Juuse Saros without a rebound.
5:55 of 3rd period - Alexander Wennberg wins face-off versus Mathew Barzal in SALEM BLACK JAYS zone.
5:58 of 3rd period - Shot by Alexander Wennberg.
5:58 of 3rd period - Shot Misses the Net.
6:00 of 3rd period - Shot by Nino Niederreiter.
6:00 of 3rd period - Goal by Nino Niederreiter - COLORADO GLACIERCATS : 3 - SALEM BLACK JAYS : 3.
6:01 of 3rd period - Alexander Wennberg wins face-off versus Mathew Barzal in neutral zone.
6:17 of 3rd period - Icing by Joshua Morrissey.
6:18 of 3rd period - Mathew Barzal wins face-off versus Anze Kopitar in SALEM BLACK JAYS zone.
6:25 of 3rd period - Shot by Jamie Benn.
6:25 of 3rd period - Stopped by Juuse Saros without a rebound.
6:26 of 3rd period - Dylan Larkin wins face-off versus Anze Kopitar in SALEM BLACK JAYS zone.
6:26 of 3rd period - Dylan Larkin is hit by Jamie Benn.
7:04 of 3rd period - Shot by Anze Kopitar.
7:04 of 3rd period - Stopped by Juuse Saros without a rebound.
7:05 of 3rd period - Mathew Barzal wins face-off versus Tomas Hertl in SALEM BLACK JAYS zone.
7:05 of 3rd period - Mathew Barzal is hit by Leon Draisaitl.
7:15 of 3rd period - Shot by Mitchell Marner.
7:15 of 3rd period - Stopped by Andrei Vasilevskiy without a rebound.
7:16 of 3rd period - Dylan Cozens wins face-off versus Alexander Wennberg in COLORADO GLACIERCATS zone.
7:30 of 3rd period - Off-side.
7:31 of 3rd period - Tomas Hertl wins face-off versus Mathew Barzal in neutral zone.
7:35 of 3rd period - Off-side.
7:36 of 3rd period - Tomas Hertl wins face-off versus Mathew Barzal in neutral zone.
8:54 of 3rd period - Shot by Jamie Benn.
8:54 of 3rd period - Deflect By Anze Kopitar.
8:54 of 3rd period - Shot Hit the Post.
9:12 of 3rd period - Tage Thompson is hit by Mikko Rantanen.
9:18 of 3rd period - Icing by Nick Jensen.
9:19 of 3rd period - Mathew Barzal wins face-off versus Alexander Wennberg in SALEM BLACK JAYS zone.
9:40 of 3rd period - Shot by Bryan Rust.
9:40 of 3rd period - Stopped by Juuse Saros without a rebound.
9:41 of 3rd period - Dylan Larkin wins face-off versus Adam Ruzicka in SALEM BLACK JAYS zone.
11:15 of 3rd period - Shot by Tage Thompson.
11:15 of 3rd period - Stopped by Juuse Saros without a rebound.
11:16 of 3rd period - Alexander Wennberg wins face-off versus Filip Chytil in SALEM BLACK JAYS zone.
12:36 of 3rd period - Icing by Mario Ferraro.
12:37 of 3rd period - Dylan Larkin wins face-off versus Alexander Wennberg in COLORADO GLACIERCATS zone.
12:44 of 3rd period - Shot by Barrett Hayton.
12:44 of 3rd period - Deflect By Dylan Larkin.
12:44 of 3rd period - Goal by Dylan Larkin - COLORADO GLACIERCATS : 3 - SALEM BLACK JAYS : 4.
12:45 of 3rd period - Leon Draisaitl wins face-off versus Maxime Comtois in neutral zone.
12:59 of 3rd period - Shot by Dylan Cozens.
12:59 of 3rd period - Shot Hit the Post.
13:01 of 3rd period - Shot by Daniel Sprong.
13:01 of 3rd period - Stopped by Andrei Vasilevskiy without a rebound.
13:02 of 3rd period - Anze Kopitar wins face-off versus Martin Necas in COLORADO GLACIERCATS zone.
14:31 of 3rd period - Icing by Nick Jensen.
14:32 of 3rd period - Alexander Wennberg wins face-off versus Dylan Cozens in SALEM BLACK JAYS zone.
14:57 of 3rd period - Shot by Bryan Rust.
14:57 of 3rd period - Stopped by Juuse Saros without a rebound.
14:58 of 3rd period - Tomas Hertl wins face-off versus Mikko Rantanen in SALEM BLACK JAYS zone.
15:48 of 3rd period - Icing by Cody Ceci.
15:49 of 3rd period - Tage Thompson wins face-off versus Mathew Barzal in SALEM BLACK JAYS zone.
15:56 of 3rd period - Shot by Anze Kopitar.
15:56 of 3rd period - Deflect By Tage Thompson.
15:56 of 3rd period - Shot Blocked by Scott Mayfield.
15:58 of 3rd period - Shot by Kristopher Letang.
15:58 of 3rd period - Stopped by Juuse Saros with a rebound.
16:55 of 3rd period - Icing by Kristopher Letang.
16:56 of 3rd period - Dylan Cozens wins face-off versus Anze Kopitar in COLORADO GLACIERCATS zone.
17:09 of 3rd period - Shot by Dylan Cozens.
17:09 of 3rd period - Stopped by Andrei Vasilevskiy with a rebound.
17:11 of 3rd period - Shot by Colin Miller.
17:11 of 3rd period - Shot Blocked by Devon Toews.
17:13 of 3rd period - Shot by Dylan Cozens.
17:13 of 3rd period - Deflect By Daniel Sprong.
17:13 of 3rd period - Stopped by Andrei Vasilevskiy with a rebound.
17:15 of 3rd period - Shot by Colin Miller.
17:15 of 3rd period - Stopped by Andrei Vasilevskiy without a rebound.
17:16 of 3rd period - Filip Chytil wins face-off versus Tomas Hertl in COLORADO GLACIERCATS zone.
17:17 of 3rd period - Shot by Theodor Blueger.
17:17 of 3rd period - Shot Misses the Net.
17:48 of 3rd period - Icing by Filip Chytil.
17:49 of 3rd period - Alexander Wennberg wins face-off versus Filip Chytil in SALEM BLACK JAYS zone.
17:54 of 3rd period - Shot by Nino Niederreiter.
17:54 of 3rd period - Stopped by Juuse Saros without a rebound.
17:55 of 3rd period - Mathew Barzal wins face-off versus Bryan Rust in SALEM BLACK JAYS zone.
18:37 of 3rd period - Shot by Mitchell Marner.
18:37 of 3rd period - Stopped by Andrei Vasilevskiy without a rebound.
18:38 of 3rd period - Dylan Larkin wins face-off versus Tomas Hertl in COLORADO GLACIERCATS zone.
18:47 of 3rd period - Shot by Dylan Larkin.
18:47 of 3rd period - Shot Blocked by Vladislav Gavrikov.
18:49 of 3rd period - Shot by Dylan Larkin.
18:49 of 3rd period - Shot Misses the Net.
18:51 of 3rd period - Shot by Cody Ceci.
18:51 of 3rd period - Deflect By Martin Necas.
18:51 of 3rd period - Stopped by Andrei Vasilevskiy without a rebound.
18:52 of 3rd period - Anze Kopitar wins face-off versus Dylan Cozens in COLORADO GLACIERCATS zone.
19:01 of 3rd period - COLORADO GLACIERCATS, Andrei Vasilevskiy is pulled from the net.
19:06 of 3rd period - Off-side.
19:07 of 3rd period - Dylan Larkin wins face-off versus Anze Kopitar in neutral zone.
19:10 of 3rd period - Shot by Joshua Morrissey.
19:10 of 3rd period - Goal by Joshua Morrissey - COLORADO GLACIERCATS : 3 - SALEM BLACK JAYS : 5.
19:10 of 3rd period - Andrei Vasilevskiy from COLORADO GLACIERCATS was sent back in the game.
19:11 of 3rd period - Dylan Larkin wins face-off versus Tomas Hertl in neutral zone.
Goals for this period are 1 for COLORADO GLACIERCATS vs 2 for SALEM BLACK JAYS.
Shots for this period are 10 for COLORADO GLACIERCATS vs 13 for SALEM BLACK JAYS.


BLAKE
WHEELER
STEVEN
STAMKOS
DREW
DOUGHTY

EAST COAST

HOCKEY LEAGUE

  • 63.RHI2PIT5
  • 64.WOR4ATL3
  • 65.QUECHW
  • 66.CHATRV